 Dungeon Crawl Stone Soup version 0.27-a0-1060-gcb85b5eba1 (webtiles) character file.

Game seed: 9267009323410969657

399972 vhaine the Swordmaster (level 22, -19/185 (188) HPs)
             Began as a Minotaur Berserker on Apr 21, 2021.
             Was a High Priest of Trog.
             Killed from afar by a tengu reaver (74 damage)
             ... with a bolt of fire
             ... on level 5 of the Vaults.
             The game lasted 03:10:05 (50537 turns).

vhaine the Swordmaster (Minotaur Berserker)        Turns: 50537, Time: 03:10:08

HP:   -19/185 (188) AC: 40    Str: 39    XL:     22   Next: 26%
MP:   21/21         EV: 10    Int:  8    God:    Trog [*****.]
Gold: 2097          SH:  0    Dex:  7    Spells: 21/21 levels left

rFire    . . .     SeeInvis +   x - +5 triple sword of Execution {vorpal, rPois rF+ Int+4 Stlth-}
rCold    + + +     Faith    .   (shield currently unavailable)
rNeg     + . .     Spirit   .   s - +2 crystal plate armour {rC+}
rPois    +         Reflect  .   (helmet restricted)
rElec    +         Harm     .   I - +1 cloak of the Other Side {rElec}
rCorr    .         Rampage  +   X - +2 pair of gloves
Will     ++++.     Rnd*Rage +   f - +2 pair of boots {rampage}
Stlth    ..........             t - amulet of regeneration
HPRegen  3.40/turn              N - ring of Lidongy {+Blink rElec rN+ Slay+4 SInv}
MPRegen  0.17/turn              Z - ring of Quzoaddo {Ice rElec Will+ Str+8 Dex-4}

@: corroded, regenerating, studying Invocations, lightly drained
A: horns 2, retaliatory headbutt, berserk 2, cold resistance 1, frail 1,
regeneration 1
}: 2/15 runes: serpentine, barnacled
a: Renounce Religion, Evoke Blink, Berserk, Trog's Hand, Brothers in Arms


You were on level 5 of the Vaults.
You worshipped Trog.
Trog was extremely pleased with you.
You visited 6 branches of the dungeon, and saw 36 of its levels.
You visited the Abyss 2 times.
You also visited: Sewer, Gauntlet, Ice Cave and Desolation.

You collected 4166 gold pieces.
You spent 2069 gold pieces at shops.

Inventory:

Hand Weapons
 x - the +5 triple sword of Execution (weapon) {vorpal, rPois rF+ Int+4 Stlth-}
   (Trog gifted it to you on level 2 of the Abyss)

   It inflicts extra damage upon your enemies.
   It affects your intelligence (+4).
   It protects you from fire.
   It protects you from poison.
   It makes you less stealthy.
 D - the +12 great sword of the Curious Ships {flame, Drain rF+ Dex+3}
   (You acquired it on level 1 of the Lair of Beasts)

   It has been specially enchanted to burn those struck by it, causing extra
   injury to most foes and up to half again as much damage against particularly
   susceptible opponents.
   Big, fiery blades are also staple armaments of hydra-hunters.
   It affects your dexterity (+3).
   It protects you from fire.
   It drains your maximum health when unequipped.
 H - a +4 antimagic quarterstaff
Missiles
 a - 9 throwing nets
Armour
 f - a +2 pair of boots of rampaging (worn)
 s - a +2 crystal plate armour of cold resistance (worn)
 I - the +1 cloak of the Other Side (worn) {rElec}
   (You bought it in a shop on level 7 of the Dungeon)

   It insulates you from electricity.
 S - +0 gold dragon scales
 X - a +2 pair of gloves (worn)
Jewellery
 d - a ring of ice
 t - an amulet of regeneration (around neck)
 B - a +4 ring of slaying
 C - the ring of Ixiumad {rN+ Str+6 Dex+7}
   (You found it in a Gauntlet)

   [ring of strength]

   It affects your strength (+6).
   It affects your dexterity (+7).
   It protects you from negative energy.
 F - a ring of resist corrosion
 G - a ring of protection from cold
 J - a ring of protection from cold
 M - a ring of positive energy
 N - the ring of Lidongy (left hand) {+Blink rElec rN+ Slay+4 SInv}
   (You bought it in a shop on level 4 of the Snake Pit)

   [ring of slaying]

   It affects your accuracy and damage with ranged weapons and melee attacks
   (+4).
   It insulates you from electricity.
   It protects you from negative energy.
   It lets you see invisible.
   It lets you blink.
 T - an amulet of reflection
 V - the ring "Leuq" {+Blink rElec rPois Dex-3 SInv}
   (You found it in the Desolation of Salt)

   [ring of see invisible]

   It affects your dexterity (-3).
   It insulates you from electricity.
   It protects you from poison.
   It lets you see invisible.
   It lets you blink.
 Z - the ring of Quzoaddo (right hand) {Ice rElec Will+ Str+8 Dex-4}
   (You took it off a ragged hierophant in the Desolation of Salt)

   [ring of ice]

   It enhances your ice magic.
   It affects your strength (+8).
   It affects your dexterity (-4).
   It makes you vulnerable to fire.
   It protects you from cold.
   It insulates you from electricity.
   It increases your willpower.
Wands
 n - a wand of digging (5)
 q - a wand of polymorph (10)
 u - a wand of iceblast (15)
 y - a wand of paralysis (29)
 Q - a wand of mindburst (14)
 R - a wand of acid (29)
Scrolls
 b - 13 scrolls of teleportation
 e - 3 scrolls of blinking
 h - 6 scrolls of brand weapon
 i - 18 scrolls of identify
 j - 8 scrolls of enchant weapon
 l - a scroll of acquirement
 m - a scroll of fear
 o - 2 scrolls of holy word
 p - 3 scrolls of fog
 r - 9 scrolls of enchant armour
 z - 5 scrolls of summoning
 A - 2 scrolls of silence
 P - 4 scrolls of magic mapping
Potions
 c - 3 potions of haste
 g - 2 potions of invisibility
 k - 8 potions of curing
 w - 3 potions of resistance
 E - 8 potions of flight
 K - 4 potions of might
 Y - 2 potions of cancellation


   Skills:
 - Level 20.0 Fighting
 O Level 27 Long Blades
 + Level 26.2 Armour
 - Level 4.8 Dodging
 - Level 10.0 Evocations


You had 21 spell levels left.
You didn't know any spells.
Your spell library contained the following spells:

 Spells                   Type           Power      Damage    Failure   Level
 Animate Skeleton         Necr           0%         N/A       86%         1
 Apportation              Tloc           0%         N/A       86%         1
 Corona                   Hex            0%         N/A       86%         1
 Summon Small Mammal      Summ           0%         N/A       86%         1


Dungeon Overview and Level Annotations

Branches:
Dungeon (15/15)            Temple (0/1) D:6            Lair (6/6) D:11
 Shoals (4/4) Lair:4        Snake (4/4) Lair:2        Slime (0/5) Lair:6
    Orc (2/2) D:12            Elf (0/3) Orc:2        Vaults (5/5) D:14
  Crypt (0/3) Vaults:2     Depths (0/5) D:15          Sewer (visited)
  IceCv (visited)         Desolation (visited)      Gauntlet (visited)

Altars:
Ashenzari
Dithmenos
Gozag
Trog
The Shining One
Beogh
Jiyva

Shops:
D:7 [   D:12 :[   Orc:1 [   Orc:2 (:[:   Shoals:1 ?   Snake:1 *(*[
Snake:4 =:=   Vaults:3 [[((

Annotations:
D:11 4 runed translucent doors
D:13 2 transporters, Pooter's ghost, adept MiBe
Shoals:3 , 2 transporters, ardl's ghost, adept TrWz
Orc:1 2 transporters, Qihugg's ghost, journeyman DsAK


Innate Abilities, Weirdness & Mutations

You have a pair of horns on your head.
You reflexively headbutt those who attack you in melee.
You often lose your temper in combat.
Your flesh is cold resistant. (rC+)
You are frail. (-10% HP)
Your natural rate of healing is unusually fast.


Message History

The yaktaur captain shoots a bolt.
The bolt hits you!
The tengu reaver shouts!
There is a stone staircase leading up, spattered with blood here.
Items here: $ ( )).
You rampage towards the ancient lich!
You slash the ancient lich!
You headbutt the ancient lich, but do no damage.
The ancient lich is lightly damaged.
The vault sentinel shoots a bolt.
The bolt hits you but does no damage.
The ancient lich touches you but does no damage.
The vault sentinel shoots a bolt.
The bolt hits you but does no damage.
The quicksilver dragon bites you but does no damage.
The quicksilver dragon claws you but does no damage.
You slice the ancient lich!! Your headbutt misses the ancient lich.
The ancient lich is moderately damaged.
The quicksilver dragon bites you but does no damage.
The quicksilver dragon claws you but does no damage.
The ancient lich completely misses you. You furiously retaliate!
You headbutt the ancient lich. You barely miss the ancient lich.
The ancient lich is moderately damaged.
The vault sentinel shoots a bolt.
The bolt hits you but does no damage.
The yaktaur shoots a bolt.
The bolt hits you! The quicksilver dragon bites you.
The quicksilver dragon claws you but does no damage.
You hit the ancient lich but do no damage.
The ancient lich is moderately damaged.
The vault sentinel shoots a bolt.
The bolt barely misses you.
The bolt hits the quicksilver dragon.
The ancient lich touches you but does no damage.
The vault sentinel shoots a bolt.
The bolt hits you but does no damage.
The quicksilver dragon bites you but does no damage.
The quicksilver dragon claws you but does no damage.
The yaktaur captain shoots a bolt.
The bolt hits you!
* * * LOW HITPOINT WARNING * * *
The tengu reaver points at you and mumbles some strange words.
The bolt of acid misses you.
You completely miss the ancient lich.
The ancient lich is moderately damaged.
The tengu reaver casts a spell at you. The bolt of fire hits you!!!!
You die...

#....#.....#(.
#....#......#. ..W
#....#.......# .....
#....#.[......
.....##....#)..p....
......#....#........
.....#....#).......
#....[.[L.((.......
#####...D@[p.#######
........<<.[......
....?[.<.[<.......
........<<.c.......
...................
#####....QQ..######
...........c.
....#....#.....
###..#....#..###


You could see an ancient lich, a quicksilver dragon, 2 tengu reavers, a yaktaur
captain, 2 vault sentinels and a yaktaur.

Vanquished Creatures
  2 dread liches
  2 golden dragons
  Rupert (Orc:2)
  2 tentacled monstrosities
  A lich (Vaults:2)
  A quicksilver dragon (Vaults:4)
  2 titans
  2 sphinxes
  2 shadow dragons
  2 tentacled starspawn (Abyss:2)
  Agnes (D:14)
  Ilsuiw (Shoals:2)
  3 storm dragons (Vaults:4)
  A tengu reaver (Vaults:2)
  6 nagarajas
  2 deep elf sorcerers (Vaults:4)
  9 vault wardens
  4 orc warlords
  4 fire giants
  Aizul (Snake:4)
  A reaper (IceCv)
  3 imperial myrmidons (Desolation)
  A war gargoyle (Vaults:4)
  An iron dragon (Vaults:4)
  13 ironbound preservers
  22 very ugly things
  3 stone giants
  Azrael (D:14)
  A deep elf demonologist (Vaults:1)
  Nessos (D:12)
  4 dire elephants
  A minotaur (Gauntlet)
  A crystal guardian (Desolation)
  2 halazid warlocks (Desolation)
  Snorg (D:13)
  The ghost of Baigul the Destroyer, a journeyman NaCj of Vehumet (Lair:1)
  3 merfolk javelineers (Shoals:4)
  A salamander tyrant (Snake:4)
  7 merfolk impalers
  3 ettins
  9 ragged hierophants (Desolation)
  2 great orbs of eyes
  3 servants of whispers (Desolation)
  33 vault guards
  3 ironbound thunderhulks
  15 yaktaur captains
  2 rakshasas
  9 hydras
  6 peacekeepers (Desolation)
  3 boulder beetles
  12 anacondas
  3 merfolk avatars
  12 naga warriors
  9 ironbound frosthearts
  A catoblepas (Lair:5)
  An ogre mage (Vaults:5)
  3 centaur warriors
  2 tengu warriors (D:15)
  8 two-headed ogres
  10 merfolk aquamancers
  2 satyrs (Shoals:2)
  7 death yaks
  10 shock serpents
  2 hell hogs (Abyss:3)
  2 thrashing horrors (Abyss:2)
  3 ironbound beastmasters
  4 orc high priests (Orc:2)
  A sun demon (Abyss:3)
  8 naga sharpshooters
  A soul eater (Abyss:3)
  2 sixfirhies (Gauntlet)
  3 salamander mystics
  3 skeletal warriors (D:13)
  2 wretched stars
  28 sea snakes
  43 deep trolls
  2 glowing orange brains (Vaults:2)
  3 naga ritualists
  A swamp dragon (shapeshifter) (Vaults:2)
  4 phantasmal warriors
  4 necromancers
  16 ironbound convokers
  12 wizards
  14 harpies
  12 orc knights
  6 mana vipers
  A deep elf pyromancer (D:15)
  34 ugly things
  2 cyclopes
  15 manticores
  13 salamanders
  A frost giant skeleton (Vaults:1)
  3 orc sorcerers (Orc:2)
  A stone giant skeleton (Vaults:1)
  11 fauns
  2 elephants (Lair:6)
  10 merfolk sirens
  13 vault sentinels
  5 guardian serpents
  6 water nymphs
  17 naga magi
  25 black mambas
  A cane toad (shapeshifter) (Vaults:4)
  3 smoke demons (Abyss:2)
  A torpor snail (Lair:3)
  2 ice statues (IceCv)
  5 freezing wraiths
  2 gargoyles
  2 unseen horrors
  15 cane toads
  A rime drake (shapeshifter) (D:13)
  3 rime drakes
  2 kobold demonologists
  An efreet (Abyss:3)
  An unseen horror (shapeshifter) (D:15)
  13 komodo dragons
  2 ancient zymes
  2 tengu conjurers (D:15)
  10 ice devils (IceCv)
  24 yaktaurs
  8 polar bears
  3 hellwings (Abyss:2)
  A yaktaur skeleton (Vaults:1)
  A meliai (shapeshifter) (D:11)
  9 trolls
  A troll (shapeshifter) (Vaults:2)
  A wolf spider simulacrum (D:15)
  33 merfolk
  A wind drake (shapeshifter) (D:13)
  14 wind drakes
  3 hornets
  52 saltlings (Desolation)
  13 blink frogs
  9 raiju
  17 slime creatures
  10 snapping turtles
  11 dream sheep (Lair:5)
  9 starcursed masses (Abyss:3)
  5 shadows
  3 wraiths
  3 wyverns
  29 yaks
  A ynoxinul (Abyss:2)
  5 fire elementals (D:14)
  4 large abominations
  14 water elementals
  A vampire (D:11)
  A hog (shapeshifter) (Vaults:5)
  4 fire bats (Abyss:2)
  A chaos spawn (Abyss:3)
  2 basilisks
  10 vampire mosquitoes
  A steam dragon (D:9)
  2 neqoxecs
  4 wargs
  A swamp worm (shapeshifter) (Vaults:4)
  47 nagas
  3 acid dragons
  An acid dragon (shapeshifter) (D:14)
  2 hell hounds (D:14)
  9 water moccasins
  A floating eye (Vaults:2)
  A necrophage (D:7)
  43 orc warriors
  5 black bears
  A human zombie (Vaults:1)
  2 ice beasts
  7 ogres
  3 centaurs
  8 wolves
  A phantom (D:12)
  4 small abominations
  15 bullfrogs
  2 wyvern zombies
  3 troll zombies (D:12)
  13 wights
  8 electric eels
  A howler monkey (D:5)
  6 centaur zombies
  29 orc priests
  2 hounds
  A centaur skeleton (D:6)
  2 jellies
  An iron imp (Abyss:2)
  Jessica (D:3)
  Terence (D:3)
  An iguana (D:6)
  22 orc wizards
  3 hell rats (D:11)
  A lightning spire (Gauntlet)
  A killer bee zombie (D:6)
  3 ogre zombies (D:12)
  Robin (D:3)
  3 howler monkey zombies
  6 adders
  3 river rats (D:11)
  A shadow imp (D:8)
  19 white imps
  10 ufetubi
  5 worms
  A dart slug (D:1)
  103 orcs
  17 endoplasms
  A giant cockroach (D:1)
  12 goblins
  6 hobgoblins
  12 jackals
  12 kobolds
  4 quokkas
  7 ball pythons
  5 bats
  4 frilled lizards
  A goblin skeleton (D:12)
  2 goblin zombies (D:12)
  2 hobgoblin skeletons (D:12)
  5 hobgoblin zombies (D:12)
  2 orc skeletons (D:12)
  7 orc zombies (D:12)
  5 rats
  A lurking horror (Abyss:3)
  A plant (Lair:6)
  2 starspawn tentacles (Abyss:2)
1511 creatures vanquished.

Vanquished Creatures (collateral kills)
  An ancient lich (Vaults:5)
  2 titans (Vaults:5)
  2 tengu reavers (Vaults:5)
  A nagaraja (Snake:4)
  A fire giant (Vaults:5)
  A vault warden (Vaults:5)
  An iron dragon (Vaults:5)
  2 stone giants (Vaults:5)
  A very ugly thing (Vaults:2)
  A deep elf annihilator (Vaults:5)
  The ghost of rgaf the Blocker, a journeyman DjWz of Hepliaklqana (Lair:1)
  A crystal guardian (Desolation)
  3 yaktaur captains (Vaults:5)
  An ettin (Vaults:5)
  A merfolk impaler (Shoals:4)
  A deep elf high priest (Vaults:5)
  A naga warrior (Snake:4)
  A servant of whispers (Desolation)
  2 peacekeepers (Desolation)
  2 vault guards (Vaults:5)
  2 merfolk avatars
  A centaur warrior (D:14)
  3 naga sharpshooters (Snake:4)
  A sea snake (Snake:4)
  A cyclops (D:14)
  3 ugly things
  A mana viper (Snake:4)
  2 salamanders (Snake:4)
  A guardian serpent (Snake:4)
  3 black mambas (Snake:4)
  A torpor snail (Lair:6)
  A freezing wraith (Vaults:5)
  A merfolk (Shoals:4)
  A troll (D:14)
  8 saltlings (Desolation)
  5 nagas (Snake:4)
  A floating eye (Vaults:2)
  2 orc priests (Orc:2)
  4 white imps (D:14)
  4 orcs
73 creatures vanquished.

Vanquished Creatures (others)
  A hell hog (Abyss:3)
  A vault sentinel (Vaults:5)
  4 white imps (IceCv)
  4 ufetubi
  18 demonic plants (Gauntlet)
  15 fungi
  A lurking horror (Abyss:3)
  108 plants
  3 starspawn tentacles (Abyss:2)
  11 toadstools (D:2)
166 creatures vanquished.

Grand Total: 1750 creatures vanquished

Notes
Turn   | Place    | Note
-------+----------+-------------------------------------------
     0 | D:1      | vhaine the Minotaur Berserker began the quest for the Orb.
     0 | D:1      | Reached XP level 1. HP: 19/19 MP: 0/0
    57 | D:1      | Reached skill level 4 in Long Blades
   150 | D:1      | Reached XP level 2. HP: 26/26 MP: 1/1
   741 | D:2      | Reached skill level 5 in Long Blades
   875 | D:2      | Reached XP level 3. HP: 31/31 MP: 2/2
  1407 | D:2      | Found a faded altar of an unknown god.
  1544 | D:2      | Reached ** piety under Trog
  1741 | D:2      | Reached skill level 6 in Long Blades
  1741 | D:2      | Reached XP level 4. HP: 35/39 MP: 3/3
  2861 | D:3      | Noticed Jessica
  3088 | D:3      | Killed Jessica
  3089 | D:3      | Reached skill level 7 in Long Blades
  3089 | D:3      | Reached XP level 5. HP: 45/45 MP: 4/4
  3230 | D:3      | Noticed Terence
  3236 | D:3      | Killed Terence
  3274 | D:3      | Noticed Robin
  3290 | D:3      | Killed Robin
  3481 | D:3      | Reached *** piety under Trog
  3683 | D:3      | Noticed an ice beast
  3691 | D:3      | Killed an ice beast
  3692 | D:3      | Reached skill level 8 in Long Blades
  3692 | D:3      | Reached XP level 6. HP: 51/51 MP: 5/5
  4138 | D:4      | Reached skill level 9 in Long Blades
  4612 | D:4      | Reached XP level 7. HP: 48/57 MP: 6/6
  4747 | D:5      | Entered Level 5 of the Dungeon
  4846 | D:5      | Reached skill level 10 in Long Blades
  5248 | D:5      | Reached skill level 11 in Long Blades
  5387 | D:5      | Found an opulent altar of Gozag.
  5475 | D:5      | Reached XP level 8. HP: 64/64 MP: 7/7
  5770 | D:6      | Found a glowing drain.
  5775 | Sewer    | Entered a sewer
  5841 | Sewer    | Reached skill level 12 in Long Blades
  6222 | D:6      | Reached **** piety under Trog
  6297 | D:6      | Found a staircase to the Ecumenical Temple.
  6367 | D:6      | Reached skill level 13 in Long Blades
  6822 | D:7      | Reached XP level 9. HP: 24/68 MP: 8/8
  7162 | D:7      | Reached skill level 14 in Long Blades
  7523 | D:7      | Found Fowoux's Antique Armour Shoppe.
  7528 | D:7      | Bought an encrusted cloak for 199 gold pieces
  7528 | D:7      | Identified the +1 cloak of the Other Side {rElec} (You
                  | bought it in a shop on level 7 of the Dungeon)
  7629 | D:8      | Noticed a two-headed ogre
  7641 | D:8      | Killed a two-headed ogre
  7938 | D:8      | Noticed a two-headed ogre
  7959 | D:8      | Killed a two-headed ogre
  7994 | D:8      | Reached skill level 10 in Armour
  7995 | D:8      | Reached XP level 10. HP: 58/77 MP: 9/9
  8273 | D:8      | Paralysed by a hornet for 2 turns
  9124 | D:9      | Reached ***** piety under Trog
  9656 | D:10     | Entered Level 10 of the Dungeon
  9745 | D:10     | Noticed a manticore
  9756 | D:10     | Killed a manticore
 10218 | D:10     | Reached XP level 11. HP: 73/82 MP: 10/10
 10280 | D:10     | Noticed a two-headed ogre
 10293 | D:10     | Killed a two-headed ogre
 10851 | D:11     | Identified a scroll of acquirement
 10851 | D:11     | Acquired a +2 pair of boots of rampaging
 10898 | D:11     | Noticed a death yak
 10912 | D:11     | Killed a death yak
 10913 | D:11     | Reached skill level 15 in Armour
 10970 | D:11     | Noticed a death yak
 10971 | D:11     | Noticed a death yak
 11046 | D:11     | You fall into a shaft and drop 2 floors!
 11097 | D:13     | Noticed a boulder beetle
 11098 | D:13     | Noticed a boulder beetle
 11098 | D:13     | Noticed a phantasmal warrior
 11108 | D:13     | Noticed a white ugly thing
 11108 | D:13     | Noticed Pooter's ghost (adept MiBe)
 11109 | D:13     | Found a transporter.
 11109 | D:13     | Noticed an eight-headed hydra
 11112 | D:13     | Found a transporter.
 11116 | D:12     | Found Rasso's Book Boutique.
 11148 | D:12     | Found Olovvot's Armour Emporium.
 11169 | D:12     | Found a broken altar of Ashenzari.
 11218 | D:11     | Found a staircase to the Lair.
 11562 | D:11     | Killed a death yak
 11573 | D:11     | Killed a death yak
 11766 | D:11     | Found a large runed translucent door.
 11784 | D:11     | Found a large runed translucent door.
 11791 | D:11     | Noticed a boulder beetle
 11883 | D:11     | Found a large runed translucent door.
 11883 | D:11     | Found a large runed translucent door.
 11907 | D:11     | Noticed a two-headed ogre
 11920 | D:11     | Killed a two-headed ogre
 11962 | D:11     | Noticed a two-headed ogre
 11963 | D:11     | Reached XP level 12. HP: 65/90 MP: 11/11
 11966 | D:11     | Killed a two-headed ogre
 12041 | D:11     | Noticed a centaur warrior
 12045 | D:11     | Killed a centaur warrior
 12768 | D:12     | Found a staircase to the Orcish Mines.
 12919 | D:12     | Noticed a six-headed hydra
 12929 | D:12     | Killed a three-headed hydra
 13050 | D:12     | Noticed a death knight
 13065 | D:12     | Noticed a two-headed ogre
 13068 | D:12     | Killed a two-headed ogre
 13068 | D:12     | Received a gift from Trog
 13203 | D:12     | Noticed Nessos
 13207 | D:12     | Killed Nessos
 13875 | D:12     | Noticed a four-headed hydra
 13887 | D:12     | Killed a one-headed hydra
 14080 | Lair:1   | Entered Level 1 of the Lair of Beasts
 14633 | Lair:1   | Found a runed translucent gate.
 14633 | Lair:1   | Found a runed translucent gate.
 14633 | Lair:1   | Found a runed translucent gate.
 14634 | Lair:1   | Noticed rgaf's ghost (journeyman DjWz)
 14635 | Lair:1   | Noticed Baigul's ghost (journeyman NaCj)
 15099 | Lair:2   | Found a staircase to the Snake Pit.
 16221 | Lair:3   | Noticed a six-headed hydra
 16225 | Lair:3   | Reached XP level 13. HP: 80/95 MP: 12/12
 16478 | Lair:3   | Reached skill level 15 in Long Blades
 17840 | Lair:4   | Reached skill level 16 in Long Blades
 18638 | Lair:4   | Found a staircase to the Shoals.
 19198 | Lair:5   | Found a gate leading to a gauntlet.
 19240 | Gauntlet | Entered a Gauntlet
 19240 | Gauntlet | Found a transporter.
 19255 | Gauntlet | Found a transporter.
 19270 | Gauntlet | Found a transporter.
 19275 | Gauntlet | Found a transporter.
 19294 | Gauntlet | Found a transporter.
 19309 | Gauntlet | Found a transporter.
 19321 | Gauntlet | Found a transporter.
 19333 | Gauntlet | Found a transporter.
 19345 | Gauntlet | Found a transporter.
 19351 | Gauntlet | Found a transporter.
 19351 | Gauntlet | Found a transporter.
 19366 | Gauntlet | Found a transporter.
 19383 | Gauntlet | Found a transporter.
 19422 | Gauntlet | Found a transporter.
 19467 | Gauntlet | Found a transporter.
 19467 | Gauntlet | Found a transporter.
 19545 | Gauntlet | Found a transporter.
 19677 | Gauntlet | Found a transporter.
 19816 | Gauntlet | Reached skill level 17 in Long Blades
 20064 | Gauntlet | Identified the ring of Ixiumad {rN+ Str+6 Dex+7}
 20148 | Gauntlet | Noticed a minotaur
 20155 | Gauntlet | Killed a minotaur
 20384 | Lair:5   | Received a gift from Trog
 20604 | Lair:5   | Reached skill level 18 in Long Blades
 20746 | Lair:5   | Identified the +6 plate armour of the Boiling Point {rF+
                  | Int+4}
 20971 | Lair:5   | Reached XP level 14. HP: 102/102 MP: 13/13
 21414 | Lair:6   | Entered Level 6 of the Lair of Beasts
 21771 | Lair:6   | Reached skill level 19 in Long Blades
 22641 | Lair:6   | Found a viscous altar of Jiyva.
 22641 | Lair:6   | Found a staircase to the Slime Pits.
 23215 | D:13     | Reached skill level 20 in Long Blades
 23622 | D:13     | Noticed Snorg
 23632 | D:13     | Killed Snorg
 24176 | Orc:1    | Entered Level 1 of the Orcish Mines
 24225 | Orc:1    | Found a transporter.
 24233 | Orc:1    | Noticed Qihugg's ghost (journeyman DsAK)
 24272 | Orc:1    | Found a transporter.
 24599 | Orc:1    | Found Koupheabb's Antique Armour Shop.
 24751 | Orc:2    | Entered Level 2 of the Orcish Mines
 24803 | Orc:2    | Reached skill level 5 in Fighting
 24870 | Orc:2    | Noticed Rupert
 24876 | Orc:2    | Paralysed by Rupert for 3 turns
 24891 | Orc:2    | Killed Rupert
 25524 | Orc:2    | Received a gift from Trog
 25543 | Orc:2    | Found a staircase to the Elven Halls.
 26068 | Orc:2    | Found Tanyash's Antique Armour Boutique.
 26073 | Orc:2    | Bought a pair of embroidered gloves for 187 gold pieces
 26090 | Orc:2    | Found Vizaq's Book Shop.
 26910 | Orc:2    | Reached XP level 15. HP: 125/125 MP: 14/14
 27110 | Orc:2    | Noticed an orc warlord
 27125 | Orc:2    | Killed an orc warlord
 27126 | Orc:2    | Reached skill level 10 in Fighting
 27669 | Orc:2    | Found Duoluriwn's Antique Weapon Shop.
 27711 | Orc:2    | Found Hacamir's Book Boutique.
 28111 | Orc:2    | Gained mutation: Your natural rate of healing is unusually
                  | fast. [potion of mutation]
 28111 | Orc:2    | Gained mutation: Your flesh is cold resistant. (rC+)
                  | [potion of mutation]
 28292 | Orc:1    | Received a gift from Trog
 28293 | Orc:1    | Noticed an orc warlord
 28305 | Orc:1    | Killed an orc warlord
 28646 | Lair:1   | Killed Baigul's ghost
 28650 | Lair:1   | Killed rgaf's ghost
 28700 | Lair:1   | Acquired the +12 great sword of the Curious Ships {flame,
                  | Drain rF+ Dex+3}
 28832 | D:14     | Noticed Azrael
 28848 | D:14     | Killed Azrael
 28856 | D:14     | Found a gate to the Vaults.
 28894 | D:14     | Found a frozen archway.
 28966 | IceCv    | Entered an ice cave
 29749 | D:14     | Noticed Agnes
 29757 | D:14     | Killed Agnes
 30223 | D:15     | Entered Level 15 of the Dungeon
 30242 | D:15     | Found a shadowy altar of Dithmenos.
 30751 | D:15     | Found a staircase to the Depths.
 30841 | D:15     | Reached skill level 15 in Fighting
 30923 | D:15     | Identified the +5 scale mail of Polish {rCorr Str+4}
 31177 | D:15     | Found a glowing golden altar of the Shining One.
 31423 | Snake:1  | Entered Level 1 of the Snake Pit
 31706 | Snake:1  | Found Semyxk Dari's Armour Boutique.
 31739 | Snake:1  | Found Hihag's General Store.
 31744 | Snake:1  | Found Zeuceq's Weapon Boutique.
 31837 | Snake:1  | Reached XP level 16. HP: 136/151 MP: 15/15
 32149 | Snake:1  | Found Qiataj's Assorted Antiques.
 32615 | Snake:2  | Received a gift from Trog
 34901 | Snake:4  | Entered Level 4 of the Snake Pit
 34921 | Snake:4  | Received a gift from Trog
 35152 | Snake:4  | Reached ****** piety under Trog
 35331 | Snake:4  | Noticed Aizul
 35340 | Snake:4  | Killed Aizul
 35650 | Snake:4  | Reached XP level 17. HP: 146/170 MP: 16/16
 36048 | Snake:4  | Received a gift from Trog
 36110 | Snake:4  | Found Jianadea's Jewellery Emporium.
 36112 | Snake:4  | Found Kol Ysur's Book Shop.
 36114 | Snake:4  | Found Huzatalato's Jewellery Emporium.
 36129 | Snake:4  | Bought the ring of Lidongy {+Blink rElec rN+ Slay+4 SInv}
                  | for 1683 gold pieces
 36233 | Snake:4  | Reached skill level 1 in Evocations
 36607 | Snake:4  | Reached skill level 5 in Evocations
 36739 | Snake:4  | Got a serpentine rune of Zot
 37174 | Shoals:1 | Entered Level 1 of the Shoals
 37378 | Shoals:1 | Found Kioddod's Magic Scroll Shop.
 37388 | Shoals:1 | Received a gift from Trog
 38330 | Shoals:2 | Noticed Ilsuiw
 38360 | Shoals:2 | Killed Ilsuiw
 38662 | Shoals:2 | Received a gift from Trog
 38806 | Shoals:3 | Reached XP level 18. HP: 172/178 MP: 17/17
 38873 | Shoals:3 | Found a runed translucent door.
 38880 | Shoals:3 | Found the +10 Black Knight's barding {ponderous, rPois rN+}
 38963 | Shoals:3 | Reached skill level 10 in Evocations
 39114 | Shoals:3 | Found a transporter.
 39114 | Shoals:3 | Noticed ardl's ghost (adept TrWz)
 39239 | Shoals:3 | Found a transporter.
 39244 | Shoals:3 | Found a bloodstained altar of Trog.
 39258 | Shoals:3 | Reached skill level 21 in Long Blades
 39629 | Shoals:4 | Entered Level 4 of the Shoals
 40008 | Shoals:4 | Identified the +9 long sword of Guilt {vorpal, Drain Str-2
                  | Int+8 Dex+2} (Trog gifted it to you on level 4 of the
                  | Shoals)
 40008 | Shoals:4 | Received a gift from Trog
 40089 | Shoals:4 | Got a barnacled rune of Zot
 40141 | Shoals:4 | Reached skill level 22 in Long Blades
 41005 | Vaults:1 | Entered Level 1 of the Vaults
 41361 | Vaults:1 | Reached skill level 23 in Long Blades
 42046 | Vaults:1 | Received a gift from Trog
 42067 | Vaults:1 | Reached XP level 19. HP: 167/185 MP: 18/18
 42540 | Vaults:1 | Reached skill level 24 in Long Blades
 43049 | Vaults:2 | Cast into level 2 of the Abyss (a wizard)
 43144 | Abyss:2  | Identified the +5 triple sword of Execution {vorpal, rPois
                  | rF+ Int+4 Stlth-} (Trog gifted it to you on level 2 of the
                  | Abyss)
 43144 | Abyss:2  | Received a gift from Trog
 43213 | Abyss:2  | Reached skill level 25 in Long Blades
 43332 | Abyss:2  | Gained mutation: You are frail. (-10% HP) [a neqoxec]
 43455 | Abyss:3  | Lost intelligence.
 43513 | Abyss:3  | Gained mutation: You tend to lose your temper in combat. [a
                  | neqoxec]
 43520 | Abyss:3  | Gained mutation: You often lose your temper in combat. [a
                  | neqoxec]
 43529 | Vaults:2 | Escaped the Abyss
 43536 | Vaults:2 | Received a gift from Trog
 43712 | Vaults:2 | Noticed a golden dragon
 43713 | Vaults:2 | Paralysed by a floating eye for 2 turns
 43716 | Vaults:2 | Paralysed by a floating eye for 2 turns
 43723 | Vaults:2 | Paralysed by a floating eye for 2 turns
 43729 | Vaults:2 | Killed a golden dragon
 43739 | Vaults:2 | Reached skill level 26 in Long Blades
 43904 | Vaults:2 | Identified the +10 long sword "Jeskimnae" {venom, +Blink
                  | Str-2 Int+6 Stlth-}
 44126 | Vaults:2 | Reached XP level 20. HP: 128/173 MP: 19/19
 44394 | Vaults:2 | Found a staircase to the Crypt.
 45000 | Vaults:3 | Found Gyekih's Antique Armour Shoppe.
 45031 | Vaults:3 | Found a ruined gateway.
 45043 | Desolati | Entered the Desolation of Salt
 45055 | Desolati | Identified the +8 great sword "Mieg" {flame, rElec rF- rC+
                  | Stlth+} (Trog gifted it to you in the Desolation of Salt)
 45055 | Desolati | Received a gift from Trog
 45217 | Desolati | Reached skill level 27 in Long Blades
 45435 | Desolati | Identified the +2 pair of boots of Too Many Cooks {rPois
                  | Str+3}
 45506 | Desolati | Received a gift from Trog
 45523 | Desolati | Identified the +11 rapier "Plog" {elec, Drain Str+7 Int+6}
 45524 | Desolati | Identified the Incunabulum of Gliding Curses
 45535 | Desolati | Identified Jempaqa's Tome of the Mutagenic Snowflakes
 45582 | Desolati | Identified the +8 rapier "Egaps" {speed, Dex+5}
 45731 | Desolati | Identified the ring "Leuq" {+Blink rElec rPois Dex-3 SInv}
 45733 | Desolati | Identified the ring of Quzoaddo {Ice rElec Will+ Str+8
                  | Dex-4}
 46036 | Desolati | Identified Baniusm's Collected Works on Execration and the
                  | Compass
 46391 | Vaults:3 | Received a gift from Trog
 46587 | Vaults:3 | Found Ameitz's Antique Weapon Shoppe.
 46605 | Vaults:3 | Found Siyl Burr's Armour Shop.
 47205 | Vaults:3 | Found Xidenacy's Weapon Emporium.
 47540 | Vaults:4 | Reached XP level 21. HP: 180/180 MP: 20/20
 47788 | Vaults:4 | Received a gift from Trog
 48679 | Vaults:5 | Entered Level 5 of the Vaults
 48684 | Vaults:4 | Cast into level 2 of the Abyss (a deep elf sorcerer)
 48684 | Abyss:2  | Found a corrupted altar of Lugonu.
 48742 | Vaults:4 | Escaped the Abyss
 49209 | Vaults:5 | Noticed an ancient lich
 49246 | Vaults:5 | Noticed a golden dragon
 49457 | Vaults:4 | Received a gift from Trog
 49492 | Vaults:4 | Killed a golden dragon
 49669 | Vaults:5 | Noticed a dread lich
 49719 | Vaults:5 | Noticed a dread lich
 49727 | Vaults:4 | Killed a dread lich
 49739 | Vaults:5 | Killed a dread lich
 49763 | Vaults:5 | Killed an ancient lich
 49764 | Vaults:5 | Reached XP level 22. HP: 71/188 MP: 21/21
 49770 | Vaults:5 | Identified the +6 double sword "Beyteism" {flame, +Blink
                  | Str+2 Int+3 SInv} (Trog gifted it to you on level 5 of the
                  | Vaults)
 49770 | Vaults:5 | Received a gift from Trog
 49774 | Vaults:5 | HP: 8/188 [stone giant (16)]
 49776 | Vaults:5 | HP: 3/188 [stone giant (7)]
 50108 | Vaults:4 | Acquired an amulet of regeneration
 50438 | Vaults:5 | Noticed an ancient lich
 50537 | Vaults:5 | Killed from afar by a tengu reaver

Illustrated notes

Levels and vault maps discovered:
D:1:      dpeg_arrival_leaves_temple_mockup, layout_loops_ring,
          minmay_door_square
D:2:      cheibrodos_fertilizer, layout_loops_corners,
          hellmonk_ecumenical_altar_inner_sanctum, serial_forest,
          infiniplex_forest_pool, infiniplex_forest_lined_3,
          infiniplex_forest_clump_tiny, infiniplex_forest_lined_room_2,
          infiniplex_forest_lined_1, infiniplex_forest_clump_large
D:3:      layout_basic, kennysheep_cluttered_room, uniq_jessica, uniq_robin,
          uniq_terence
D:4:      layout_loops_ring
D:5:      layout_basic, grunt_gozag_statues
D:6:      layout_loops_ring, minmay_temple_entry_waves, gup_sewer_entry_bowl
D:7:      layout_rooms, serial_shops, kennysheep_little_box, chequers_garden
D:8:      layout_gridville, enter_bailey_2, david_defended_altar_orc
D:9:      layout_roguey
D:10:     layout_cave_pools
D:11:     layout_irregular_city, dpeg_lair_monsters,
          minmay_hollow_rounded_squares
D:12:     layout_roguey, zombieorc1_lemuel, serial_shops, shop_statue, shop,
          roderic_lattice_a, evilmike_ruin_ashenzari, uniq_nessos
D:13:     layout_roguey, gammafunk_ghost_arena, roderic_filled_cross,
          amethyst_killhole, uniq_snorg
D:14:     layout_basic, skrybe_vaults_entry_preservation,
          portal_ice_cave_entry_imps, uniq_azrael, uniq_agnes
D:15:     hangedman_depths_entry_civil_slaughter, layout_basic,
          nicolae_tso_carved_into_rock, nicolae_dithmenos_the_darkroom
Lair:1:   layout_regular_city, gammafunk_ghost_cemetery,
          chequers_serial_rivers_marsh, serial_bayou_shore_b
Lair:2:   layout_chaotic_city, guppyfry_snake_entry_island, beast_lair_carwin_5,
          infiniplex_staircase_pool_2, serial_bayou_shore_b
Lair:3:   layout_cave_shapes, grunt_megastairs_4
Lair:4:   layout_regular_city, minmay_shoals_entry_lonely_mermaid,
          grunt_megastairs_2
Lair:5:   layout_cellular_growth, gauntlet_entry_generic,
          nicolae_quartered_pool_medium, serial_bayou_shore_a,
          grunt_megastairs_3, lemuel_fruit_tree
Lair:6:   gammafunk_lair_ancient_temple, layout_regular_city,
          dpeg_slime_entry_enclosed_altar
Shoals:1: layout_shoals, serial_shops, shop
Shoals:2: layout_shoals, uniq_ilsuiw
Shoals:3: layout_shoals, gammafunk_ghost_wrathful_warriors,
          nicolae_shoals_stone_sculpture_thing, lightli_airlock
Shoals:4: shoals_end_simple, layout_shoals, shoals_ilsuiw_ice
Snake:1:  layout_gridlike, serial_shops, shop, nicolae_shop_stone,
          nicolae_shop_stone, nicolae_shop_crystal
Snake:2:  layout_onion
Snake:3:  layout_chambers
Snake:4:  grunt_snake_rune_pools, layout_misc_corridors, grunt_ministairs_13,
          nicolae_snake_round_shape_thing, serial_bayou_lake_a,
          minmay_shop_grove, uniq_aizul
Orc:1:    cheibrodos_orc_arena, layout_caves, serial_shops, shop,
          gammafunk_ghost_arena
Orc:2:    pubby_orc_utopia, uniq_rupert
Vaults:1: vaults_mumra_chevron_long, v_misc_28, ontoclasm_vaults_gallery,
          vaults_room_semicircle, grunt_vaults_diagonal,
          ontoclasm_vaults_claustrophobia, vaults_room_ringed_pool,
          hangedman_vaults_restitches, vaults_mumra_minichess_inversion,
          vaults_room_fours, nicolae_vaults_yaktaur_gun_rack,
          layout_vaults_omnigrid
Vaults:2: v_misc_23, v_misc_8, minmay_crypt_entry_nasty_monster,
          st_greater_box_4, nicolae_vaults_circle_grid_b,
          hangedman_vaults_restitches, v_misc_10, v_pattern_2,
          hangedman_vaults_trim, vaults_dpeg_hooks, layout_vaults_omnicross
Vaults:3: nicolae_vaults_angled_halls, nicolae_vaults_angled_halls,
          ontoclasm_vaults_hangar, nicolae_vaults_big_ls,
          ontoclasm_vaults_twist, nicolae_vaults_big_angled_halls, v_misc_10,
          v_misc_11, vaults_room_pools, nicolae_vaults_circle_grid_a,
          nicolae_vaults_little_squares_4, v_misc_2,
          nicolae_vaults_mini_display_case, vaults_room_stairs_pillars,
          nicolae_vaults_diagonal_hallway_8, layout_vaults_ring,
          portal_desolation_entry_nicolae_slug, serial_shops, shop,
          nicolae_shop_waterfront, nicolae_shop_trees, nicolae_shop_trees
Vaults:4: nicolae_vaults_network_quinsquares
          [nicolae_vaults_network_quincunx_subvault,
          nicolae_vaults_network_quincunx_subvault,
          nicolae_vaults_network_quincunx_subvault,
          nicolae_vaults_network_quincunx_subvault], v_misc_12,
          vaults_dpeg_ring, hangedman_vaults_trim, ontoclasm_vaults_fault,
          nicolae_vaults_sealed_display, dpeg_vaults_monster_box,
          vaults_room_pools, vaults_standard_mumra_x, layout_vaults_big_room
Vaults:5: serial_shops

Skill      XL: |  1  2  3  4  5  6  7  8  9 10 11 12 13 14 15 16 17 18 19 20 21 22 |
---------------+-------------------------------------------------------------------+-----
Long Blades    | 4 5 6 7 8 9 11 13 14 18 20 23 26 27 | 27.0
Armour         | 10 14 17 20 22 25 26 | 26.2
Fighting       | 9 15 19 20 | 20.0
Dodging        | 4 |  4.8
Evocations     | 9 10 | 10.0

Action                   |  1- 3 |  4- 6 |  7- 9 | 10-12 | 13-15 | 16-18 | 19-21 | 22-24 || total
-------------------------+-------+-------+-------+-------+-------+-------+-------+-------++-------
Melee: Falchion          |    77 |   139 |   182 |       |       |       |       |       ||   398
       Headbutt          |    12 |    27 |    45 |    81 |   258 |   287 |   317 |    20 ||  1047
       Unarmed           |       |     8 |       |       |       |       |       |       ||     8
       Great sword       |       |       |    61 |   375 |   964 |   974 |   352 |       ||  2726
       Triple sword      |       |       |       |       |       |       |   563 |    62 ||   625
Throw: Javelin           |       |       |       |       |     3 |       |       |       ||     3
Invok: Berserk           |     2 |     3 |     6 |    10 |    26 |     4 |     1 |       ||    52
       Brothers in Arms  |       |       |       |     1 |    12 |     4 |     7 |     3 ||    27
       Trog's Hand       |       |       |       |       |     1 |     3 |     6 |     2 ||    12
 Abil: Evoke Blink       |       |       |       |       |       |       |     4 |       ||     4
Evoke: Wand              |       |       |     6 |     6 |     4 |     4 |       |       ||    20
  Use: Scroll            |       |       |       |    14 |    17 |     2 |     4 |     5 ||    42
       Potion            |       |       |       |     2 |     9 |     3 |     4 |     3 ||    21
 Stab: Paralysed         |       |       |     2 |       |       |       |       |       ||     2
       Invisible         |       |       |       |     1 |       |       |       |       ||     1
       Distracted        |       |       |       |       |     1 |       |     3 |       ||     4
Armor: Animal skin       |     8 |       |       |       |       |       |       |       ||     8
       Leather armour    |    15 |    11 |       |       |       |       |       |       ||    26
       Chain mail        |       |     9 |       |       |     9 |   179 |       |       ||   197
       Plate armour      |       |    39 |   103 |   249 |   408 |       |       |       ||   799
       Crystal plate arm |       |       |       |       |    47 |   282 |   648 |   109 ||  1086
Dodge: Dodged            |    48 |    53 |    48 |   121 |   287 |   258 |   322 |    41 ||  1178
Block: Other             |       |       |       |       |   112 |   128 |   157 |     8 ||   405
       Reflection        |       |       |       |       |     9 |     8 |    10 |     1 ||    28
       Rpst.: Falchion   |    17 |    14 |     9 |       |       |       |       |       ||    40
       Great sword       |       |       |     1 |    27 |    49 |    55 |    16 |       ||   148
       Triple sword      |       |       |       |       |       |       |    52 |     5 ||    57

Table legend: (Time is in decaauts)
 A = Elapsed time spent in this place.
 B = Non-inter-level travel time spent in this place.
 C = Inter-level travel time spent in this place.
 D = Time resting spent in this place.
 E = Time spent auto-exploring this place.
 F = Levels seen in this place.
 G = Mean time per level.
                   A        B        C        D        E       F      G
               +--------+--------+--------+--------+--------+-----+--------+
         Total |  50779 |  47527 |   3252 |  13040 |  25155 |  43 | 1180.9 |
       Dungeon |  17465 |  16373 |   1092 |   4562 |   9200 |  15 | 1164.3 |
          Lair |   8731 |   7609 |   1122 |   2170 |   4457 |   6 | 1455.2 |
        Shoals |   3799 |   3514 |    285 |    505 |   2153 |   4 |  949.8 |
     Snake Pit |   5142 |   4943 |    199 |   1070 |   2817 |   4 | 1285.5 |
  Orcish Mines |   4328 |   4193 |    135 |   1519 |   1737 |   2 | 2164.0 |
        Vaults |   7803 |   7386 |    417 |   2402 |   3486 |   5 | 1560.6 |
         Abyss |    544 |    544 |      0 |     77 |    245 |   3 |  181.3 |
         Sewer |    179 |    179 |      0 |     58 |     83 |   1 |  179.0 |
      Ice Cave |    590 |    590 |      0 |    180 |    149 |   1 |  590.0 |
    Desolation |   1106 |   1106 |      0 |    296 |    320 |   1 | 1106.0 |
      Gauntlet |   1088 |   1088 |      0 |    196 |    504 |   1 | 1088.0 |
               +--------+--------+--------+--------+--------+-----+--------+

Top non-repeatable levels by time:
   Orc:2: 3372 daAuts
Vaults:4: 2933 daAuts
    D:12: 2124 daAuts
 Snake:4: 1896 daAuts
Vaults:2: 1820 daAuts
  Lair:3: 1806 daAuts
    D:11: 1700 daAuts
  Lair:4: 1674 daAuts
     D:2: 1659 daAuts
Vaults:1: 1588 daAuts
  Lair:5: 1440 daAuts
     D:3: 1419 daAuts
 Snake:3: 1405 daAuts
  Lair:2: 1319 daAuts
Vaults:3: 1309 daAuts
